 Dungeon Crawl Stone Soup version 0.30-a0-778-g2ef04afb54 (webtiles) character file.

Game seed: 16271502439768288258

371 arthad the Caller (level 6, -4/26 HPs)
             Began as a Felid Summoner on Feb 16, 2023.
             Slain by a steam dragon (6 damage)
             ... on level 4 of the Dungeon.
             The game lasted 00:17:39 (3975 turns).

arthad the Caller (Felid Summoner)                  Turns: 3975, Time: 00:17:40

Health: -4/26      AC:  2    Str:  4    XL:     6   Next: 42%
Magic:  7/12       EV: 18    Int: 18    God:
Gold:   249        SH:  0    Dex: 17    Spells: 3/12 levels left
                                        Lives:  0   Deaths: 1

rFire   . . .      SeeInvis +    (weapon unavailable)
rCold   + . .      Faith    .    (shield unavailable)
rNeg    . . .      Spirit   .    (body armour unavailable)
rPois   +          Reflect  .    (helmet unavailable)
rElec   +          Harm     .    (cloak unavailable)
rCorr   +          Rampage  .    (gloves unavailable)
Will    .....                    (boots unavailable)
Stlth   ++                       (no amulet)
HPRegen 0.24/turn                h - ring of flight
MPRegen 0.13/turn                (no ring)

@: resistant, attractive, flying, hasted, very quick
A: very small, claws 1, fangs 3, see invisible, speed 1, shaggy fur 2, stealthy
paws, no weapons or thrown items, no armour, multi-lived, heat vulnerability 1,
MP-powered wands
a: no special abilities


You were on level 4 of the Dungeon.
You visited 1 branch of the dungeon, and saw 4 of its levels.

You collected 249 gold pieces.

Inventory:

Hand Weapons
 s - the +5 double sword of the Antique God {freeze, rCorr MP+9 Str+7}
   (You found it on level 3 of the Dungeon)

   Str:       It affects your strength (+7).
   MP:        It affects your magic capacity (+9).
   rCorr:     It protects you from acid and corrosion.
Jewellery
 h - a ring of flight (left paw)
Wands
 n - a wand of digging (5)
Scrolls
 a - 2 scrolls of acquirement {unknown}
 b - 4 scrolls of identify {unknown}
 e - a scroll of torment {unknown}
 f - a scroll of immolation {unknown}
 g - 3 scrolls of noise {unknown}
 i - a scroll of vulnerability {unknown}
 j - a scroll of enchant weapon {unknown}
 k - a scroll of butterflies {unknown}
 m - a scroll of fear {unknown}
 o - 4 scrolls of teleportation {unknown}
 r - 2 scrolls of magic mapping {unknown}
Potions
 l - a potion of attraction
 p - a potion of resistance
 t - a potion of might {unknown}


   Skills:
 + Level 1.9 Fighting
 + Level 3.2 Dodging
 - Level 3.0 Stealth
 + Level 0.5 Unarmed Combat
 * Level 3.7 Spellcasting
 + Level 2.9 Hexes
 * Level 5.9 Summonings
 * Level 1.0 Air Magic


You had 3 spell levels left.
You knew the following spells:

 Your Spells              Type           Power      Damage    Failure   Level
a - Summon Small Mammal   Summ           96%        N/A       1%          1
b - Call Imp              Summ           24%        N/A       1%          2
c - Call Canine Familiar  Summ           24%        N/A       4%          3
d - Summon Guardian Gole  Hex/Summ       19%        N/A       8%          3

Your spell library contained the following spells:

 Spells                   Type           Power      Damage    Failure   Level
 Summon Lightning Spire   Summ/Air       15%        N/A       36%         4


Dungeon Overview and Level Annotations

Branches:
Dungeon (4/15)
 Temple: D:4-7

Altars:


Innate Abilities, Weirdness & Mutations

You have sharp claws.
You have razor-sharp teeth.
You have supernaturally acute eyesight. (SInv)
You cover ground quickly. (Speed+)
You are covered in thick fur. (AC +2)
Your paws help you pounce on unaware monsters.
You are incapable of wielding weapons or throwing items.
You cannot wear armour.
You gain extra lives every three experience levels.
You are vulnerable to heat. (rF-)
You expend magic power (3 MP) to strengthen your wands.


Message History

Casting: Summon Small Mammal (safe; 1% risk of failure)
Confirm with . or Enter, or press ? or * to list all spells.
The steam dragon misses you. The steam dragon claws you.
Your iron imp misses the steam dragon.
Casting: Call Canine Familiar (quite dangerous; 4% risk of failure)
Confirm with . or Enter, or press ? or * to list all spells.
A guardian golem appears, shielding your allies.
Your hound barely misses the steam dragon.
The steam dragon breathes steam at you. The ball of steam hits you!
Ouch! That really hurt!
* * * LOW HITPOINT WARNING * * *
Your iron imp barely misses the steam dragon.
Your hound bites the steam dragon but does no damage.
It was a potion of attraction.
You feel attractive to monsters. The steam dragon misses you.
The steam dragon completely misses you.
It was a potion of resistance.
You feel protected.
Your hound misses the steam dragon. The steam dragon barely misses you. x2
It was a potion of flight.
You feel more buoyant.
Your hound closely misses the steam dragon.
The steam dragon bites you.
* * * LOW HITPOINT WARNING * * *
The steam dragon completely misses you.
Your hound bites the steam dragon.
Your iron imp closely misses the steam dragon.
It was a potion of haste.
You feel yourself speed up.
Your hound bites the steam dragon.
The steam dragon breathes steam at you. The ball of steam misses you.
Your hound bites the steam dragon but does no damage.
Your iron imp barely misses the steam dragon.
The steam dragon is attracted toward you.
It was a potion of mutation.
You feel extremely strange.
You feel vulnerable to heat.
You feel your magical essence link to the dungeon's wands.
Your hound barely misses the steam dragon.
The steam dragon bites you.
You die...

#### ..# ## ..† ..# #.#
#.# #. #.# #.# #. #.# #D#
#. #.# #.# #.
#.###########.# #.
#....§§§.@Dh5.####
.###.###.##.§§§§§§§9....#
.............§§.#######.#
.........######.# #.#
..###.##.# #.# #.# #5##.#
#.# #.# #.##.# #.# #.#
#<##.# #.# #.# #.##.# #.#
##.##


You could see a steam dragon (catching breath, ally target), a friendly guardian
golem (summoned), a friendly hound (summoned, sheltered) and a friendly iron imp
(summoned, sheltered).

Vanquished Creatures
  A hound (D:4)
  3 bats (D:1)
  A frilled lizard (D:1)
  A goblin (D:1)
  A rat (D:3)
7 creatures vanquished.

Vanquished Creatures (collateral kills)
  A black bear (D:2)
  An orc priest (D:2)
  Jessica (D:3)
  Ijyb (D:3)
  Natasha (thrice) (D:3)
  An orc wizard (D:3)
  2 adders
  4 worms
  3 dart slugs
  3 orcs
  3 ball pythons
  9 endoplasms
  4 giant cockroaches
  6 hobgoblins
  5 jackals (D:2)
  3 kobolds
  4 bats
  3 frilled lizards
  5 goblins
  6 rats
68 creatures vanquished.

Vanquished Creatures (others)
  A fungus (D:1)
  3 plants (D:1)
4 creatures vanquished.

Grand Total: 79 creatures vanquished

Notes
Turn   | Place    | Note
-------+----------+-------------------------------------------
     0 | D:1      | arthad the Felid Summoner began the quest for the Orb.
     0 | D:1      | Reached XP level 1. HP: 7/7 MP: 4/4
   191 | D:1      | Reached XP level 2. HP: 11/11 MP: 3/6
   258 | D:1      | Learned a level 2 spell: Call Imp
   764 | D:1      | Found a faded altar of an unknown god.
  1070 | D:2      | Reached XP level 3. HP: 14/14 MP: 0/7
  1164 | D:2      | Learned a level 3 spell: Call Canine Familiar
  1538 | D:2      | Reached skill level 1 in Hexes
  1538 | D:2      | Reached skill level 5 in Summonings
  1538 | D:2      | Reached XP level 4. HP: 7/18 MP: 3/8
  1538 | D:2      | Noticed a black bear
  1583 | D:2      | Slain by a black bear
  1584 | D:2      | Reached XP level 3. HP: 0/15 MP: 3/7
  2264 | D:2      | Killed a black bear
  2265 | D:2      | Reached skill level 1 in Fighting
  2265 | D:2      | Reached XP level 4. HP: 19/19 MP: 3/9
  2265 | D:2      | Reached XP level 5. HP: 22/22 MP: 3/10
  2496 | D:3      | Noticed Jessica
  2502 | D:3      | Killed Jessica
  2556 | D:3      | Noticed Ijyb
  2582 | D:3      | Killed Ijyb
  2775 | D:3      | Learned a level 3 spell: Summon Guardian Golem
  2819 | D:3      | Noticed Natasha
  2824 | D:3      | Killed Natasha
  2992 | D:3      | Gained mutation: You are covered in thick fur. (AC +2)
                  | [Felid growth]
  2992 | D:3      | Reached XP level 6. HP: 14/26 MP: 5/12
  3148 | D:3      | Noticed Natasha
  3306 | D:3      | Killed Natasha
  3308 | D:3      | Noticed Natasha
  3316 | D:3      | Killed Natasha
  3558 | D:3      | Identified the +5 double sword of the Antique God {freeze,
                  | rCorr MP+9 Str+7}
  3735 | D:4      | Reached skill level 1 in Air Magic
  3954 | D:4      | Noticed a steam dragon
  3975 | D:4      | Gained mutation: You are vulnerable to heat. (rF-) [potion
                  | of mutation]
  3975 | D:4      | Gained mutation: You expend magic power (3 MP) to
                  | strengthen your wands. [potion of mutation]
  3975 | D:4      | Slain by a steam dragon

Illustrated notes

Levels and vault maps discovered:
D:1:      dpeg_arrival_simpleton_b, layout_basic,
          shapermc_ecumenical_altar_mp_ritualfount,
          wander_ebering_terrifying_dragon_lair
D:2:      layout_basic, hangedman_abyss_or_decor_lesser_grid
D:3:      layout_rooms, nicolae_figureground_pulse, uniq_ijyb, uniq_jessica,
          uniq_natasha
D:4:      layout_loops_ring, minmay_temple_entry_poolview

Skill      XL: |  1  2  3  4  5  6 |
---------------+-------------------+-----
Stealth        | 3 |  3.0
Hexes          | 2 |  2.9
Summonings     | 5 |  5.9
Fighting       | 1 |  1.9
Spellcasting   | 3 |  3.7
Dodging        | 3 |  3.2
Air Magic      | 1 |  1.0
Unarmed Combat | |  0.5

Action                     |  1- 3 |  4- 6 || total
---------------------------+-------+-------++-------
  Melee: Unarmed           |    26 |    12 ||    38
         Bite              |     3 |     4 ||     7
   Cast: Summon Small Mamm |    45 |    28 ||    73
         Call Imp          |    18 |    11 ||    29
         Call Canine Famil |    12 |    20 ||    32
         Summon Guardian G |       |     4 ||     4
    Use: Potion            |       |     6 ||     6
 Armour: Skin              |     8 |     3 ||    11
  Dodge: Dodged            |    48 |    25 ||    73

Table legend: (Time is in decaauts)
 A = Elapsed time spent in this place.
 B = Non-inter-level travel time spent in this place.
 C = Inter-level travel time spent in this place.
 D = Time resting spent in this place.
 E = Time spent auto-exploring this place.
 F = Levels seen in this place.
 G = Mean time per level.
                   A        B        C        D        E       F      G
               +--------+--------+--------+--------+--------+-----+--------+
         Total |   3602 |   3558 |     44 |      0 |   2795 |   4 |  900.5 |
       Dungeon |   3602 |   3558 |     44 |      0 |   2795 |   4 |  900.5 |
               +--------+--------+--------+--------+--------+-----+--------+

Top non-repeatable levels by time:
     D:2: 1317 daAuts
     D:3: 1158 daAuts
     D:1: 905 daAuts
     D:4: 221 daAuts
